 Dungeon Crawl Stone Soup version 0.28.0-45-g0d030f2227 (webtiles) character file.

Game seed: 1960227459347827196

28 Eitelfritz the Skirmisher (level 3, -13/29 (33) HPs)
             Began as a Hill Orc Fighter on Apr 10, 2022.
             Killed by divine providence
             ... invoked by an orc priest
              (15 damage)
             ... on level 2 of the Dungeon.
             The game lasted 00:02:04 (1156 turns).

Eitelfritz the Skirmisher (Hill Orc Fighter)        Turns: 1156, Time: 00:02:05

HP:   -13/29 (33)   AC:  6    Str: 20    XL:     3   Next: 12%
MP:   3/3           EV:  9    Int:  8    God:
Gold: 11            SH:  4    Dex: 10    Spells: 2/2 levels left

rFire   . . .      SeeInvis .   a - +0 war axe
rCold   . . .      Faith    .   c - +0 buckler
rNeg    . . .      Spirit   .   b - +0 scale mail
rPois   .          Reflect  .   (no helmet)
rElec   .          Harm     .   (no cloak)
rCorr   .          Rampage  .   (no gloves)
Will    .....                   (no boots)
Stlth   ..........              (no amulet)
HPRegen 0.09/turn               (no ring)
MPRegen 0.08/turn               (no ring)

@: heavily drained
A: no striking features
a: Convert to Beogh


You were on level 2 of the Dungeon.
You visited 1 branch of the dungeon, and saw 2 of its levels.

You collected 11 gold pieces.

Inventory:

Hand Weapons
 a - a +0 war axe (weapon)
Armour
 b - a +0 scale mail (worn)
 c - a +0 buckler (worn)
Jewellery
 i - a ring of flight
Scrolls
 e - a scroll of silence {unknown}
 h - a scroll of magic mapping {unknown}
Potions
 d - a potion of might
 f - a potion of ambrosia {unknown}
 g - a potion of lignification {unknown}


   Skills:
 + Level 4.1 Fighting
 + Level 3.4 Axes
 + Level 3.5 Armour
 + Level 0.4 Dodging
 + Level 3.5 Shields


You had 2 spell levels left.
You didn't know any spells.
Your spell library contained the following spells:

 Spells                   Type           Power      Damage    Failure   Level
 Scorch                   Fire           0%         2d5       94%         2
 Flame Wave               Conj/Fire      0%         2d4       100%        4
 Summon Cactus Giant      Summ           0%         N/A       100%        6


Dungeon Overview and Level Annotations

Branches:
Dungeon (2/15)

Altars:


Message History

The orc wizard hits you but does no damage.
The orc wizard casts a spell at you.
You are more confused.
The orc wizard barely misses you.
An endoplasm comes into view.
The orc wizard gestures wildly while chanting.
The orc wizard flickers and vanishes!
The endoplasm quivers.
Something hits you but does no damage.
You bump into the rock wall.
Something hits you but does no damage.
The orc priest invokes the aid of Beogh against you.
You completely miss something.
The orc priest shouts, "Beogh is our master!
Accept the truth or die!"
You miss something. You hit the orc priest.
The orc priest shouts, "Surrender to Beogh and we'll let you live!"
Something hits you.
You hear some strange, mumbled words.
A puff of flame appears from out of thin air!
The puff of flame hits you. Something hits you but does no damage.
Unknown command.
You closely miss something. You miss the orc priest.
You feel less confused.
The orc priest mumbles some strange prayers to Beogh against you.
Pain shoots through your body!
* * * LOW HITPOINT WARNING * * *
Something hits you.
* * * LOW HITPOINT WARNING * * *
The orc priest shouts, "Beogh is our master!
Accept the truth or die!"
The orc priest hits you with a +0 mace.
* * * LOW HITPOINT WARNING * * *
Unknown command.
You closely miss the orc priest.
The orc priest is lightly wounded.
You closely miss something. You completely miss something. Something hits you.
* * * LOW HITPOINT WARNING * * *
You block something's attack.
The orc priest calls down the wrath of Beogh upon you.
Beogh smites you!
Ouch! That really hurt!
You die...

#. .# ##.#.# #.
#>...#
#.##....##
#........####
#...........
#........#
#.##...o########
#......@.J......
#.####.{########
#....#..####
#..........#
#....#####.#
#.#.# #.# ....
#.# #.# #.# #.
#.#


You could see an orc priest and an endoplasm.

Vanquished Creatures
  A dart slug (D:1)
  A ball python (D:1)
  6 bats (D:1)
  2 endoplasms (D:1)
  A giant cockroach (D:1)
  3 goblins (D:1)
  A hobgoblin (D:1)
  5 kobolds
  A quokka (D:1)
  2 rats (D:1)
23 creatures vanquished.

Notes
Turn   | Place    | Note
-------+----------+-------------------------------------------
     0 | D:1      | Eitelfritz the Hill Orc Fighter began the quest for the
                  | Orb.
     0 | D:1      | Reached XP level 1. HP: 19/19 MP: 1/1
   136 | D:1      | Reached XP level 2. HP: 9/21 MP: 2/2
   359 | D:1      | Found a faded altar of an unknown god.
   374 | D:1      | Reached skill level 4 in Fighting
   889 | D:1      | Reached XP level 3. HP: 28/28 MP: 3/3
  1156 | D:2      | Killed from afar by an orc priest

Illustrated notes

Levels and vault maps discovered:
D:1:      tarquinn_simple_flora_water_d, layout_loops_ring,
          hellmonk_ecumenical_altar_blasted, minivault_4
D:2:      layout_loops_ring, minmay_3d_cube

Skill      XL: |  1  2 |
---------------+-------+-----
Fighting       | 4 |  4.1
Axes           | 3 |  3.4
Armour         | |  3.5
Dodging        | |  0.4
Shields        | |  3.5

Action                   || total
-------------------------++-------
Melee: War axe           ||    72
Armor: Scale mail        ||    51
Dodge: Dodged            ||    39
Block: Buckler           ||    19
